AoeStats
← Mohammad Shah

Arena

510363589Analyzed
1v1 RM · 19h ago on Sep 30, 2026· 16m 45s· 2 players
Game mode
Random Map
Map size
Tiny (2 player)
Population
200
Speed
Normal
Resources
Standard
Victory
Conquest
Starting age
Dark Age
Ending age
Imperial Age
RankedLock teamsTeams togetherTeam positionsShared explorationLock speedFull tech treeHidden civsTurbo modeCheats
Victory
Defeat
🇧🇷 Khitans · Brazil
687
+15
🇨🇦 Malay · Canada
658
-15
Mohammad Shah
0:30 Loom
11:47 Feudal Age
11:42 Double-Bit Axe
11:40 Horse Collar
Joe Camel
11:06 Feudal Age
11:33 Loom
15:00 Castle Age
15:24 Double-Bit Axe
16:18 Bow Saw
Connection lost

Rejoining the realm…

Still unreachable

The connection could not be restored.

Session expired

The server has moved on; the page needs a fresh start.